 Dungeon Sprint DCSS version 0.17-a0-1863-g715b4b0 (webtiles) character file.

125 luca467 the Skirmisher (level 4, -4/39 HPs)
             Began as a Mummy Fighter on Sept 20, 2015.
             Was an Initiate of Okawaru.
             Killed from afar by a gargoyle (8 damage)
             ... with a stone arrow
             ... in the Dungeon (Sprint IX: "|||||||||||||||||||||||||||||").
             The game lasted 00:03:27 (474 turns).

luca467 the Skirmisher (Mummy Fighter)               Turns: 474, Time: 00:03:27

Health: -4/39      AC: 21    Str: 20    XL:     4   Next: 82%
Magic:  4/4        EV:  3    Int: 10    God:    Okawaru [......]
Gold:   0          SH:  9    Dex: 11    Spells: 0 memorised, 3 levels left

rFire  x . .     SeeInvis .     i - +2 morningstar (protect)
rCold  + . .     Clarity  .     m - +0 plate armour
rNeg   + + +     SustAt   .     c - +0 shield
rPois  ∞         Gourm    .     (no helmet)
rElec  .         Spirit   .     k - +0 cloak
rCorr  .         Warding  .     (no gloves)
rMut   .         NoTele   +     l - +0 pair of boots
MR     .....                    (no amulet)
Stlth  ..........               o - +2 ring of protection
                                n - +3 ring of intelligence

@: not resistant to hostile enchantments, extremely unstealthy
A: no food or potions, fire vulnerability, cold resistance 1, negative energy
resistance 3, torment resistance, unbreathing
a: Renounce Religion


You were in the Dungeon.
You worshipped Okawaru.
Okawaru was noncommittal.
You were not hungry.

You visited 1 branch

Inventory:

Hand weapons
 a - a +0 flail
 h - a +1 broad axe of freezing
 i - a +2 morningstar of protection (weapon)
 j - a +4 quarterstaff of speed
Armour
 b - a +0 scale mail
 c - a +0 shield (worn)
 k - a +0 cloak (worn)
 l - a +0 pair of boots (worn)
 m - a +0 plate armour (worn)
Magical staves
 p - an uncursed staff of energy
Jewellery
 n - a +3 ring of intelligence (left hand)
 o - a +2 ring of protection (right hand)
Magical devices
 g - a wand of draining (7)
Scrolls
 d - 2 scrolls of blinking
 e - 3 scrolls of remove curse
 f - 2 scrolls of amnesia


   Skills:
 + Level 5.3 Fighting
 * Level 5.1 Maces & Flails
 + Level 4.2 Armour
 + Level 4.3 Shields


You had 3 spell levels left.
You didn't know any spells.

Dungeon Overview and Level Annotations

Branches:
Dungeon (1/1)

Altars:
Cheibriados
Dithmenos
Elyvilon
Fedhas
Gozag
Kikubaaqudgha
Makhleb
Nemelex Xobeh
Okawaru
Qazlal
Ru
Sif Muna
Trog
Vehumet
Xom
Yredelemnul
Zin
The Shining One
Beogh
Jiyva
Lugonu


Innate Abilities, Weirdness & Mutations

You do not eat or drink.
Your flesh is vulnerable to fire.
You are immune to poison.
Your flesh is cold resistant.
You are immune to negative energy.
You are immune to unholy pain and torment.
You can survive without breathing.


Message History

You thump the iguana!
You kill the iguana!
Okawaru accepts your kill.
Your Maces & Flails skill increases to level 5!
The gargoyle hits you but does no damage.
You hit the gargoyle but do no damage.
The gargoyle hurls a stone arrow at you.
The stone arrow hits you!
You hit the gargoyle but do no damage.
The gargoyle hurls a stone arrow at you.
The stone arrow hits you!
You hit the gargoyle but do no damage.
You are no longer corroded.
The gargoyle hurls a stone arrow at you.
The stone arrow hits you!
* * * LOW HITPOINT WARNING * * *
You block the gargoyle's attack.
The gargoyle hurls a stone arrow at you.
The stone arrow hits you!
You die... ▓▓▓▓▓▓▓▓▓▓▓▓▓▓▓▓▓▓▓▓▓▓▓▓▓▓▓▓▓ ____________'!..@..9ZZ'...... ▓▓▓▓▓▓▓▓▓▓▓▓▓▓▓▓▓▓▓▓▓▓▓▓▓▓▓▓▓

You could see a gargoyle, a bat skeleton and a quokka skeleton.

Vanquished Creatures
  A hound (D)
  An iguana (D)
  A jelly (D)
  2 adders (D)
  A shadow imp (D)
  An adder skeleton (D)
  A bat (D)
  A giant cockroach (D)
  2 hobgoblins (D)
  A ball python skeleton (D)
  A rat (D)
13 creatures vanquished.

Notes
Turn   | Place    | Note
--------------------------------------------------------------
     0 | D        | luca467 the Mummy Fighter began the quest for the Orb.
     0 | D        | Reached XP level 1. HP: 18/18 MP: 1/1
    80 | D        | Noticed a hound
    83 | D        | Reached XP level 2. HP: 22/25 MP: 2/2
    97 | D        | Reached skill level 4 in Fighting
   102 | D        | Killed a hound
   102 | D        | Reached XP level 3. HP: 10/31 MP: 3/3
   364 | D        | Found a glowing silver altar of Zin.
   364 | D        | Found a glowing golden altar of the Shining One.
   364 | D        | Found an ancient bone altar of Kikubaaqudgha.
   364 | D        | Found a basalt altar of Yredelemnul.
   364 | D        | Found a shimmering altar of Xom.
   364 | D        | Found a radiant altar of Vehumet.
   365 | D        | Found an iron altar of Okawaru.
   366 | D        | Found a burning altar of Makhleb.
   367 | D        | Found a deep blue altar of Sif Muna.
   368 | D        | Found a bloodstained altar of Trog.
   369 | D        | Found a sparkling altar of Nemelex Xobeh.
   370 | D        | Found a white marble altar of Elyvilon.
   371 | D        | Found a roughly hewn altar of Beogh.
   372 | D        | Found a viscous altar of Jiyva.
   373 | D        | Became a worshipper of Warmaster Okawaru
   374 | D        | Found a corrupted altar of Lugonu.
   375 | D        | Found a blossoming altar of Fedhas.
   376 | D        | Found a snail-covered altar of Cheibriados.
   377 | D        | Found a shadowy altar of Dithmenos.
   378 | D        | Found a stormy altar of Qazlal.
   379 | D        | Found an opulent altar of Gozag.
   380 | D        | Found a sacrificial altar of Ru.
   457 | D        | Noticed a jelly
   457 | D        | Noticed an iguana
   457 | D        | Noticed a gargoyle
   459 | D        | Killed a jelly
   459 | D        | Reached skill level 5 in Fighting
   459 | D        | Reached XP level 4. HP: 31/39 MP: 4/4
   466 | D        | Killed an iguana
   466 | D        | Reached skill level 5 in Maces & Flails
   474 | D        | Killed from afar by a gargoyle

Vault maps used:
D:        linesprint

Action                   |  1- 3 |  4- 6 || total
-------------------------+-------+-------++-------
Melee: Flail             |    45 |       ||    45
       Morningstar       |     2 |    10 ||    12
